 Dungeon Crawl Stone Soup version 0.30-a0-715-gdb4ae3ece1 (webtiles) character file.

Game seed: 7531789856236297880

12152 PyroL the Geomancer (level 11, -4/72 HPs)
             Began as a Gargoyle Earth Elementalist on Jan 23, 2023.
             Was a Priest of Vehumet.
             Killed from afar by a gargoyle (25 damage)
             ... with a stone arrow
             ... on level 11 of the Dungeon.
             The game lasted 00:20:56 (10566 turns).

PyroL the Geomancer (Gargoyle Earth Elementalist)  Turns: 10566, Time: 00:20:56

Health: -4/72      AC: 14    Str: 12    XL:     11   Next: 88%
Magic:  0/20       EV: 14    Int: 32    God:    Vehumet [***...]
Gold:   747        SH:  0    Dex: 10    Spells: 9/22 levels left

rFire   . . .      SeeInvis .    m - staff of earth
rCold   . . .      Faith    .    (no shield)
rNeg    + . .      Spirit   +    G - +2 robe {Archmagi}
rPois   ∞          Reflect  .    (no helmet)
rElec   +          Harm     .    v - +1 cloak
rCorr   .          Rampage  .    (no gloves)
Will    .....      Archmagi +    (no boots)
Stlth   ++                       E - amulet of guardian spirit
HPRegen 0.32/turn                F - +6 ring of intelligence
MPRegen 0.17/turn                k - +6 ring of intelligence

@: no status effects
A: sickness immunity, AC +8, negative energy resistance 1, electricity
resistance, torment resistance 1, petrification resistance
a: Renounce Religion


You were on level 11 of the Dungeon.
You worshipped Vehumet.
Vehumet was most pleased with you.
You visited 2 branches of the dungeon, and saw 12 of its levels.

You collected 857 gold pieces.
You spent 110 gold pieces at shops.

Inventory:

Hand Weapons
 a - the +5 broad axe of the Crypt {flame, rC++ Dex+2}
   (You took it off an orc on level 8 of the Dungeon)

   Dex:       It affects your dexterity (+2).
   rC:        It greatly protects you from cold.
 q - the +1 whip "Obysyg" {drain, rF++ rC- Str+2 Stlth+}
   (You found it on level 3 of the Dungeon)

   Str:       It affects your strength (+2).
   rF:        It greatly protects you from fire.
   rC:        It makes you vulnerable to cold.
   Stlth:     It makes you more stealthy.
Missiles
 n - 25 poisoned darts
 N - 2 curare-tipped darts
Armour
 v - a +1 cloak (worn)
 G - a +2 robe of the Archmagi (worn)
 K - +2 steam dragon scales
 L - a +2 leather armour of fire resistance
Magical Staves
 m - a staff of earth (weapon)
Jewellery
 f - a +5 ring of evasion
 k - a +6 ring of intelligence (right hand)
 B - a +4 ring of protection
 E - an amulet of guardian spirit (around neck)
 F - a +6 ring of intelligence (left hand)
Wands
 u - a wand of mindburst (16)
 A - a wand of flame (5)
 D - a wand of polymorph (6)
 H - a wand of quicksilver (2)
 P - a wand of paralysis (5)
Scrolls
 g - a scroll of teleportation {unknown}
 j - 2 scrolls of noise {unknown}
 l - a scroll of poison
 o - 3 scrolls of immolation
 s - 4 scrolls of fear
 t - 2 scrolls of vulnerability {unknown}
 w - a scroll of torment
 y - a scroll of summoning {unknown}
 C - 2 scrolls of magic mapping {unknown}
 J - 2 scrolls of enchant armour {unknown}
 M - a scroll of identify
Potions
 b - a potion of magic
 c - 5 potions of heal wounds
 d - 5 potions of cancellation
 e - 5 potions of brilliance
 h - 8 potions of curing
 i - a potion of might {unknown}
 p - 3 potions of flight
 r - a potion of mutation {unknown}
 x - a potion of berserk rage {unknown}
 z - a potion of ambrosia {unknown}
 I - 2 potions of degeneration {unknown}
 O - 2 potions of attraction {unknown}
 Q - a potion of lignification {unknown}


   Skills:
 - Level 10.0 Fighting
 - Level 6.7 Dodging
 - Level 2.1 Stealth
 - Level 6.0 Spellcasting
 - Level 8.0 Conjurations
 - Level 0.7 Transmutations
 + Level 12.8 Earth Magic
 + Level 2.0 Evocations


You had 9 spell levels left.
You knew the following spells:

 Your Spells              Type           Power      Damage    Failure   Level
a - Sandblast             Erth           100%       2d20      1%          1
b - Passwall              Tmut/Erth      72%        N/A       1%          2
c - Stone Arrow           Conj/Erth      100%       3d13      1%          3
d - Petrify               Tmut/Erth      87%        N/A       2%          4
e - Hailstorm             Conj/Ice       51%        3d11      1%          3

Your spell library contained the following spells:

 Spells                   Type           Power      Damage    Failure   Level
 Beastly Appendage        Tmut           42%        N/A       3%          1
 Ignite Poison            Fire/Tmut/Pois 16%        N/A       3%          3
 Necrotise                Necr           56%        1d6       4%          1
 Kindle Blastsparks       Fire/Tloc/Air  28%        2d12      4%          3
 Wereblood                Tmut           21%        N/A       5%          2
 Ensorcelled Hibernation  Hex/Ice        28%        N/A       7%          2
 Spider Form              Tmut/Pois      17%        N/A       12%         3
 Freezing Cloud           Conj/Ice/Air   19%        6-21      12%         5
 Swiftness                Air            14%        N/A       14%         3
 Vampiric Draining        Necr           14%        2d7       14%         3
 Agony                    Necr           14%        N/A       77%         5


Dungeon Overview and Level Annotations

Branches:
Dungeon (11/15)            Temple (1/1) D:7            Lair (0/5) D:8
    Orc: D:9-12

Altars:
Ashenzari
Cheibriados
Dithmenos
Elyvilon
Fedhas
Gozag
Hepliaklqana
Kikubaaqudgha
Makhleb
Nemelex Xobeh
Okawaru
Qazlal
Ru
Sif Muna
Trog
Uskayaw
Vehumet
Wu Jian
Xom
Yredelemnul
Zin
The Shining One

Shops:
D:8 *   D:9 !!   D:10 *


Innate Abilities, Weirdness & Mutations

You are immune to sickness and miasma.
Your stone body is resilient. (AC +8)
You are immune to poison.
You resist negative energy. (rN+)
You are resistant to electric shocks. (rElec)
You are resistant to unholy torment.
You are immune to petrification.


Message History

The two-headed ogre is almost dead.
A quasit comes into view.
The two-headed ogre closely misses you. x2; The quasit moves out of view.
You feel a strong surge of power!
The blast of sand hits the two-headed ogre!!
You kill the two-headed ogre!
Vehumet accepts your kill.
You feel your power returning.
A sun demon comes into view.
Your Evocations skill increases to level 2!
A gargoyle comes into view. It is wielding a +0 mace of protection.
There is a stone staircase leading up here.
Casting: Sandblast (safe; 1% risk of failure)
Confirm with . or Enter, or press ? or * to list all spells.
Aiming: Stone Arrow (safe; 1% risk of failure)
Press: ? - help, Shift-Dir - straight line, f - sun demon
Aim: a sun demon (72% to hit)
You feel a strong surge of power!
The stone arrow hits the sun demon!
The sun demon is moderately wounded.
Casting: Stone Arrow (safe; 1% risk of failure)
Confirm with . or Enter, or press ? or * to list all spells.
Aiming: Stone Arrow (safe; 1% risk of failure)
Press: ? - help, Shift-Dir - straight line, f/p - sun demon
Aim: a sun demon (moderately wounded, 72% to hit)
You feel a strong surge of power!
The stone arrow misses the sun demon.
The gargoyle hurls a stone arrow at you.
The stone arrow misses you.
You feel a strong surge of power!
The blast of sand hits the sun demon!!
The sun demon is heavily wounded.
The sun demon hits you but does no damage.
You feel a strong surge of power!
The blast of sand hits the sun demon but does no damage.
The sun demon is heavily wounded.
The sun demon hits you!
You are engulfed in flames!!
The sun demon hits you!
* * * LOW HITPOINT WARNING * * *
You are engulfed in flames!
* * * LOW HITPOINT WARNING * * *
The gargoyle hurls a stone arrow at you.
The stone arrow hits you!!
You die...

########################
........................
#####..#######.9@.......
#####..#######.3########
.......................
.......................
.......................
.......................
.......................
##...............######
#...............#


You could see a sun demon and a gargoyle.

Vanquished Creatures
  A centaur warrior (D:8)
  2 two-headed ogres
  Urug (D:10)
  Lodul (D:10)
  A wizard (D:9)
  Pikel (D:7)
  Maggie (D:8)
  A kobold demonologist (D:9)
  A troll (D:9)
  2 hornets
  5 yaks (D:10)
  A vampire (D:9)
  A wyvern (D:8)
  3 basilisks (D:8)
  3 water moccasins (D:8)
  2 orc warriors
  An ice beast (D:7)
  3 sky beasts (D:7)
  8 ogres
  5 black bears
  5 centaurs
  5 wolves
  4 lemures
  2 phantoms
  4 kobold brigands
  2 bullfrogs
  A scorpion (D:5)
  7 gnoll sergeants
  A necrophage (D:5)
  4 wights (D:9)
  6 killer bees
  An electric eel (D:6)
  A howler monkey (D:5)
  A centaur zombie (D:6)
  A bullfrog zombie (D:6)
  5 hounds
  9 orc priests
  2 jellies
  3 gnoll boudas
  2 iguanas (D:5)
  9 orc wizards
  32 gnolls
  10 adders
  A shadow imp (D:7)
  An ufetubus (D:6)
  2 worms
  A dart slug (D:4)
  23 orcs
  6 ball pythons
  3 bats
  An endoplasm (D:3)
  2 giant cockroaches
  10 goblins
  5 hobgoblins
  4 jackals (D:9)
  24 kobolds
  3 quokkas
  3 frilled lizards
250 creatures vanquished.

Vanquished Creatures (others)
  2 fungi (D:8)
  18 plants
  A withered plant (D:8)
21 creatures vanquished.

Grand Total: 271 creatures vanquished

Notes
Turn   | Place    | Note
-------+----------+-------------------------------------------
     0 | D:1      | PyroL the Gargoyle Earth Elementalist began the quest for
                  | the Orb.
     0 | D:1      | Reached XP level 1. HP: 10/10 MP: 3/3
   136 | D:1      | Reached XP level 2. HP: 15/15 MP: 3/5
   187 | D:1      | Reached skill level 4 in Earth Magic
   867 | D:1      | Learned a level 2 spell: Passwall
  1237 | D:2      | Reached XP level 3. HP: 19/19 MP: 4/6
  1369 | D:2      | Found a faded altar of an unknown god.
  1861 | D:3      | Reached XP level 4. HP: 24/24 MP: 2/8
  2149 | D:3      | Learned a level 3 spell: Stone Arrow
  2238 | D:3      | Reached skill level 5 in Earth Magic
  2452 | D:3      | Identified the +1 whip "Obysyg" {drain, rF++ rC- Str+2
                  | Stlth+}
  2860 | D:4      | Found a shadowy altar of Dithmenos.
  2896 | D:4      | Found a white marble altar of Elyvilon.
  3413 | D:5      | Entered Level 5 of the Dungeon
  3413 | D:5      | Noticed a phantom
  3415 | D:5      | Reached XP level 5. HP: 28/28 MP: 8/10
  3423 | D:4      | Killed a phantom
  3424 | D:4      | Reached skill level 6 in Earth Magic
  3516 | D:5      | Noticed a black bear
  3522 | D:5      | Killed a black bear
  3523 | D:5      | Reached XP level 6. HP: 32/32 MP: 9/12
  3696 | D:5      | Reached skill level 7 in Earth Magic
  3696 | D:5      | Reached XP level 7. HP: 36/36 MP: 11/14
  3741 | D:5      | Reached skill level 5 in Spellcasting
  4248 | D:5      | Found a blossoming altar of Fedhas.
  4340 | D:6      | Reached skill level 8 in Earth Magic
  4410 | D:6      | Reached skill level 1 in Fighting
  4410 | D:6      | Reached skill level 1 in Conjurations
  4410 | D:6      | Reached XP level 8. HP: 41/43 MP: 12/16
  4694 | D:6      | Found a basalt altar of Yredelemnul.
  5095 | D:7      | Found a staircase to the Ecumenical Temple.
  5151 | Temple   | Entered the Ecumenical Temple
  5215 | Temple   | Became a worshipper of Vehumet
  5376 | D:7      | Noticed Pikel
  5449 | D:7      | Killed Pikel
  5450 | D:7      | Reached XP level 9. HP: 47/55 MP: 8/17
  5530 | D:7      | Found a bloodstained altar of Trog.
  5784 | D:7      | Found a snail-covered altar of Cheibriados.
  5785 | D:7      | Found an ornate altar of the Wu Jian Council.
  6093 | D:8      | Found Piac's General Store.
  6110 | D:8      | Noticed a hornet
  6114 | D:8      | Killed a hornet
  6130 | D:8      | Found an ancient bone altar of Kikubaaqudgha.
  6145 | D:8      | Reached * piety under Vehumet
  6145 | D:8      | Offered knowledge of Foxfire by Vehumet.
  6178 | D:8      | Reached XP level 10. HP: 61/64 MP: 9/19
  6255 | D:8      | Found a staircase to the Lair.
  6325 | D:8      | Identified the +5 broad axe of the Crypt {flame, rC++
                  | Dex+2}
  6377 | D:8      | Noticed a centaur warrior
  6447 | D:8      | Killed a centaur warrior
  6448 | D:8      | Reached skill level 5 in Dodging
  6557 | D:8      | Learned a level 4 spell: Petrify
  6577 | D:8      | Noticed Maggie
  6661 | D:8      | Killed Maggie
  7403 | D:9      | Offered knowledge of Static Discharge by Vehumet.
  7407 | D:9      | Reached ** piety under Vehumet
  7496 | D:9      | Found Cudus's Distillery.
  7506 | D:9      | Bought a potion of heal wounds for 55 gold pieces
  7892 | D:9      | Noticed a wizard
  8075 | D:9      | Found Xapnom's Distillery.
  8092 | D:9      | Reached skill level 9 in Earth Magic
  8092 | D:9      | Bought a potion of heal wounds for 55 gold pieces
  8110 | D:9      | Noticed a two-headed ogre
  8119 | D:9      | Killed a two-headed ogre
  8120 | D:9      | Reached XP level 11. HP: 49/71 MP: 12/20
  8477 | D:9      | Killed a wizard
  8478 | D:9      | Reached skill level 10 in Earth Magic
  8739 | D:9      | Offered knowledge of Searing Ray by Vehumet.
  8739 | D:9      | Paralysed by a gnoll for 5 turns
  8759 | D:9      | Reached *** piety under Vehumet
  8891 | D:10     | Entered Level 10 of the Dungeon
  8906 | D:10     | Reached skill level 10 in Fighting
  9069 | D:10     | Reached skill level 11 in Earth Magic
  9143 | D:10     | Found Osouja's Fire Supplies.
  9224 | D:10     | Noticed Urug
  9234 | D:10     | Killed Urug
  9353 | D:10     | Noticed Lodul
  9578 | D:10     | Found an iron altar of Okawaru.
  9652 | D:10     | Killed Lodul
  9653 | D:10     | Reached skill level 12 in Earth Magic
  9875 | D:10     | Found a burning altar of Makhleb.
  9875 | D:10     | Noticed a green death
 10247 | D:10     | Offered knowledge of Hailstorm by Vehumet.
 10252 | D:10     | Learned a level 3 spell: Hailstorm
 10450 | D:10     | Reached skill level 1 in Evocations
 10526 | D:11     | Noticed a two-headed ogre
 10536 | D:11     | Killed a two-headed ogre
 10536 | D:11     | Noticed a sun demon
 10566 | D:11     | Killed from afar by a gargoyle

Illustrated notes

Levels and vault maps discovered:
D:1:      minmay_arrival_wavy_path, layout_basic
D:2:      layout_loops_cross, shapermc_ecumenical_altar_mp_vishouse,
          st_stairs_13, kennysheep_path_1, minmay_pentomino_t4
D:3:      layout_loops_ring
D:4:      kennysheep_big_flooded_room, layout_loops_corners,
          nicolae_elyvilon_peaceful_grove, kennysheep_mini
D:5:      layout_loops_ring, fedhas_altar_4
D:6:      layout_rooms, lemuel_zombie_altar_yredelemnul, serial_bayou,
          serial_bayou_crossing, serial_bayou_pond_d, serial_bayou_pond_a,
          serial_bayou_pond_e
D:7:      layout_rooms, lemuel_tele_altar, gammafunk_temple_overflow_pools,
          minmay_temple_entry_waves, uniq_pikel
D:8:      layout_basic, kiku_gazebo_garden_becter, minmay_lair_entry_grove,
          serial_shops, shop, minmay_misc_feat_chi, nicolae_titane, uniq_maggie
D:9:      layout_cross, serial_shops, shop, serial_gnoll_camp,
          gnoll_camp_mini_shop, gnoll_camp_mini_basic, gnoll_camp_mini_basic,
          gnoll_camp_mini_sergeant, gnoll_camp_huts_basic,
          minmay_chambers_of_fives
D:10:     layout_loops_corners, makhleb_altar_promises_db,
          mainiacjoe_overflow_surrounded_room, nicolae_shop_fire_sale
          [nicolae_sub_dead_trees], uniq_lodul, uniq_urug
D:11:     layout_long_grid, serial_demonic, serial_demonic_a, serial_demonic_a,
          serial_demonic_c, serial_demonic_c, portal_ice_cave_entry_pillars_2,
          nicolae_trove_entry_columns, nicolae_two_hexagons,
          dreamdust_gnoll_shepherd
Temple:   nicolae_temple_bog_church

Skill      XL: |  1  2  3  4  5  6  7  8  9 10 11 |
---------------+----------------------------------+-----
Earth Magic    | 4 5 6 7 8 9 12 | 12.8
Spellcasting   | 3 4 5 6 |  6.0
Fighting       | 1 6 8 9 10 | 10.0
Conjurations   | 1 6 8 |  8.0
Dodging        | 2 6 |  6.7
Evocations     | 2 |  2.0
Stealth        | |  2.1
Transmutations | |  0.7

Action                     |  1- 3 |  4- 6 |  7- 9 | 10-12 || total
---------------------------+-------+-------+-------+-------++-------
  Melee: Staff             |       |     3 |    12 |    40 ||    55
   Cast: Sandblast         |    39 |    43 |   120 |   237 ||   439
         Stone Arrow       |       |     2 |     2 |    22 ||    26
    Use: Scroll            |     2 |     1 |     6 |     1 ||    10
 Armour: Robe              |     2 |     1 |    40 |   117 ||   160
  Dodge: Dodged            |    12 |     9 |    42 |   178 ||   241

Table legend: (Time is in decaauts)
 A = Elapsed time spent in this place.
 B = Non-inter-level travel time spent in this place.
 C = Inter-level travel time spent in this place.
 D = Time resting spent in this place.
 E = Time spent auto-exploring this place.
 F = Levels seen in this place.
 G = Mean time per level.
                   A        B        C        D        E       F      G
               +--------+--------+--------+--------+--------+-----+--------+
         Total |  10819 |  10593 |    226 |    993 |   7775 |  12 |  901.6 |
       Dungeon |  10522 |  10303 |    219 |    902 |   7609 |  11 |  956.5 |
        Temple |    297 |    291 |      6 |     91 |    165 |   1 |  297.0 |
               +--------+--------+--------+--------+--------+-----+--------+

Top non-repeatable levels by time:
     D:8: 1642 daAuts
    D:10: 1620 daAuts
     D:9: 1349 daAuts
     D:4: 959 daAuts
     D:1: 947 daAuts
     D:5: 846 daAuts
     D:2: 823 daAuts
     D:3: 814 daAuts
     D:7: 783 daAuts
     D:6: 643 daAuts
  Temple: 297 daAuts
    D:11: 91 daAuts
